Map: Thunderbird LE

Players

Vindicta - Winner!

  • Race: Terran Terran
  • Spawn Location: 5:00

Bly

  • Race: Zerg Zerg
  • Spawn Location: 11:00

VOD

Have the link to the VOD?

Description

Time

  • Played on: Sept. 6, 2019, 6:29 p.m.
  • Length: 16:47
Show
View Real Time Build Order
Export as new Build Order

Vindicta Terran - Winner!

Build Orders: Reaper Expand 

Get SALT Encoding   

  12  0:00  SCV  
  13  0:12  SCV  
  14  0:17  Supply Depot  
  14  0:24  SCV  
  15  0:39  SCV  
  15  0:41  Barracks  
  16  0:44  Refinery  
  16  0:51  SCV  
  17  1:03  SCV  
  18  1:15  SCV  
  19  1:28  Orbital Command, Reaper  
  20  1:43  Command Center  
  20  1:53  Supply Depot  
  20  1:54  SCV  
  20  2:00  Marine  
  22  2:06  SCV  
  23  2:11  Factory  
  23  2:19  SCV  
  23  2:21  Barracks Reactor  
  24  2:31  SCV  
  25  2:43  SCV  
  26  2:54  Command Center  
  26  2:55  SCV  
  26  2:56  Orbital Command  
  27  3:04  Hellion  
  28  3:07  Hellion  
  28  3:09  Barracks Tech Lab  
  28  3:11  SCV  
  31  3:23  SCV  
  31  3:24  SCV  
  31  3:26  Hellion  
  35  3:28  Hellion  
  35  3:30  Stimpack  
  35  3:34  Marine  
  37  3:35  SCV  
  37  3:36  SCV  
  40  3:45  Supply Depot  
  40  3:47  SCV  
  41  3:48  SCV  
  42  3:57  Barracks  
  42  3:58  Barracks  
  42  3:59  SCV  
  42  4:00  Factory Reactor  
  42  4:01  Marine  
  45  4:11  SCV, Starport  
  45  4:14  Orbital Command  
  45  4:15  SCV, Refinery  
  44  4:18  Marine  
  44  4:23  SCV  
  46  4:26  Orbital Command  
  46  4:27  SCV  
  47  4:31  Barracks  
  47  4:33  Barracks  
  47  4:35  SCV  
  47  4:36  Marine  
  49  4:39  SCV  
  50  4:46  Marine  
  50  4:47  Marine, Factory Tech Lab, SCV  
  50  4:51  SCV  
  50  4:52  Starport Reactor  
  54  4:54  SCV  
  54  4:56  Marine, Orbital Command, Refinery  
  54  4:57  Refinery  
  54  4:58  Marine  
  59  5:00  SCV  
  59  5:03  SCV  
  59  5:04  Marine  
  59  5:06  Siege Tank  
  64  5:07  Marine  
  64  5:12  Engineering Bay  
  64  5:14  SCV, Engineering Bay  
  64  5:15  Supply Depot  
  64  5:17  Marine x2  
  64  5:21  Barracks Reactor  
  67  5:24  Marine, Combat Shield  
  67  5:27  SCV  
  70  5:29  Marine  
  70  5:32  Marine  
  70  5:35  Marine x2  
  73  5:37  Barracks Reactor  
  73  5:41  Marine  
  74  5:43  Supply Depot  
  74  5:44  SCV  
  74  5:47  Marine  
  74  5:48  Terran Infantry Armor Level 1, Terran Infantry Weapons Level 1  
  76  5:52  Marine  
  76  5:53  Marine  
  76  5:57  Medivac  
  81  5:59  Marine  
  81  6:00  Marine x2  
  81  6:03  SCV  
  85  6:04  Marine  
  85  6:07  Supply Depot  
  85  6:08  Siege Tank, Supply Depot x2  
  85  6:11  Marine x2  
  91  6:15  Marine x3  
  93  6:28  Marine x3, Medivac  
  93  6:30  Marine  
  93  6:32  Marine x2  
  97  6:33  Medivac  
  97  6:35  Marine  
  97  6:36  Marine  
  97  6:37  Marine  
  100  6:41  Siege Tank  
  100  6:42  Supply Depot x2  
  100  6:46  Marine x3  
  106  6:47  SCV  
  106  6:48  Marine  
  106  6:50  Marine x2  
  106  6:53  Marine  
  111  6:54  Marine x2  
  113  7:04  Marine x3  
  113  7:06  Marine, Supply Depot  
  113  7:07  Supply Depot  
  113  7:08  Marine x2  
  117  7:11  Marine  
  117  7:12  Marine x2  
  117  7:13  Siege Tank  
  125  7:22  Marine x2, Medivac x2  
  127  7:23  Marine x2  
  127  7:26  SCV  
  127  7:27  Marine  
  127  7:28  Marine  
  127  7:29  Supply Depot  
  126  7:37  Marine x2  
  126  7:38  Marine  
  126  7:40  Marine x2  
  126  7:42  Marine x2  
  128  7:45  Marine, Siege Tank  
  128  7:46  Marine, SCV x3  
  128  7:47  Supply Depot  
  129  7:52  Supply Depot  
  129  7:55  Marine x3  
  129  7:58  Marine x2, SCV  
  131  8:00  Marine x2  
  131  8:03  Marine, SCV  
  131  8:04  Marine  
  132  8:13  Marine x3  
  132  8:16  Marine x2  
  132  8:17  Siege Tank  
  132  8:18  Marine x2  
  138  8:21  Marine  
  138  8:22  Marine  
  121  8:27  Medivac  
  121  8:29  SCV  
  121  8:31  Marine x2  
  121  8:34  Marine x2  
  127  8:35  Marine  
  127  8:36  Marine  
  127  8:37  Marine  
  127  8:40  Marine x2  
  128  8:49  Marine x2, Siege Tank  
  128  8:51  Marine  
  128  8:52  Marine  
  128  8:53  Marine x2  
  116  8:57  Marine  
  116  8:58  Marine, SCV x2  
  117  9:06  Marine x2, Armory  
  113  9:12  Command Center  
  111  9:17  Marine x4  
  111  9:21  Marine x2  
  111  9:22  Marine  
  118  9:24  Marine x2  
  108  9:35  Marine x4  
  108  9:37  Barracks x2  
  108  9:38  Refinery  
  105  9:39  Marine x2  
  105  9:41  Siege Tank  
  105  9:42  Marine x2  
  105  9:45  SCV  
  106  9:52  Marine, Medivac  
  107  9:53  Marine x3  
  107  9:56  Marine  
  107  9:57  Terran Infantry Weapons Level 2  
  107  9:58  Terran Infantry Armor Level 2  
  111  10:00  Marine  
  111  10:02  Marine  
  111  10:03  Marine  
  113  10:07  Marine  
  113  10:10  Marine x2  
  113  10:11  Marine x2  
  113  10:13  SCV  
  112  10:14  Marine  
  112  10:18  Marine  
  112  10:21  Marine  
  114  10:22  Marine  
  114  10:23  Medivac  
  114  10:25  Medivac  
  114  10:28  Marine  
  121  10:30  SCV  
  121  10:35  Marine x2  
  123  10:37  Marine  
  123  10:39  Marine  
  123  10:40  SCV x2  
  123  10:41  Barracks Reactor  
  125  10:46  Missile Turret  
  125  10:47  Marine  
  125  10:48  Marine, Barracks Reactor  
  127  10:51  Thor  
  127  10:52  Drilling Claws  
  127  10:56  Marine x2  
  133  10:58  Factory  
  133  11:02  Marine  
  125  11:06  Marine x2  
  125  11:07  Planetary Fortress  
  125  11:09  Marine  
  125  11:10  Marine x2  
  115  11:12  Terran Vehicle And Ship Armor Level 1, Missile Turret  
  115  11:13  Missile Turret x2  
  115  11:14  Marine x2  
  118  11:19  Marine  
  118  11:20  Marine  
  118  11:21  SCV x3  
  118  11:24  Marine x2  
  118  11:25  Marine x2  
  128  11:30  Marine  
  128  11:33  SCV  
  128  11:34  Marine, Sensor Tower  
  128  11:35  Thor  
  128  11:36  Marine x2  
  128  11:39  Marine  
  137  11:41  Marine x2  
  137  11:46  Marine x2  
  141  11:48  Marine  
  141  11:49  Marine x3  
  141  11:50  Refinery  
  143  11:55  Marine x2, Missile Turret  
  143  11:58  SCV  
  143  11:59  Marine x2, SCV, Factory Reactor  
  143  12:00  Marine, Command Center, Marauder  
  152  12:07  Marine  
  152  12:08  Marine x2  
  155  12:09  Marine x2  
  157  12:16  Terran Infantry Weapons Level 3  
  157  12:17  Terran Infantry Armor Level 3  
  157  12:18  Marine x3  
  157  12:19  Marine  
  163  12:31  Thor  
  168  12:39  Marine x2  
  168  12:40  Widow Mine x2  
  168  12:43  Missile Turret  
  163  12:45  Missile Turret  
  163  12:47  Marine x2  
  163  12:48  Marauder  
  165  12:55  Marine x4  
  165  12:57  Marine x2  
  171  13:00  Missile Turret x2  
  171  13:01  Widow Mine x2  
  175  13:09  Marauder  
  177  13:14  Thor  
  177  13:16  SCV  
  184  13:23  Marine, Widow Mine x2  
  184  13:25  Marine  
  190  13:28  Marine, Missile Turret  
  190  13:31  Marauder  
  191  13:39  Marine  
  192  13:44  Widow Mine x2, Missile Turret  
  192  13:48  Marine x2, Missile Turret  
  191  13:49  Planetary Fortress  
  191  13:52  Marauder  
  191  13:53  Marine  
  183  13:57  Thor  
  183  13:59  Marine  
  183  14:01  Marine  
  183  14:02  Marine x2  
  187  14:05  Widow Mine  
  187  14:06  Widow Mine  
  191  14:10  Marine x2  
  191  14:15  Marine x2  
  191  14:16  Marauder  
  193  14:17  SCV x2  
  193  14:20  Barracks x2  
  193  14:21  Supply Depot  
  195  14:24  Marine  
  195  14:27  Widow Mine x2  
  200  14:34  Concussive Shells  
  200  14:36  Liberator x2  
  200  14:38  Refinery x2  
  200  14:51  SCV, Marauder  
  193  14:54  Missile Turret  
  193  14:56  Widow Mine  
  193  14:58  Marine  
  196  15:08  Marine  
  196  15:10  Marine, Widow Mine  
  196  15:11  Barracks Tech Lab x2  
  200  15:19  Liberator  
  200  15:23  Marine  
  200  15:24  Marine x2  
  200  15:27  Marine x5, Marauder, Widow Mine  
  193  15:29  Widow Mine  
  193  15:31  Liberator  
  193  15:34  Marine x4  
  193  15:35  Marine x2  
  192  15:41  Marine  
  192  15:42  Marine x2  
  184  15:44  Marine, Widow Mine  
  184  15:45  Marine x4  
  184  15:48  Marine, Widow Mine  
  183  15:50  Widow Mine  
  183  15:52  Marine  
  183  15:53  Marine  
  183  15:54  Marine x4  
  184  15:59  Marine x2  
  184  16:00  Marine  
  184  16:02  Marine x2  
  184  16:03  Marine x3  
  161  16:06  Marauder, Widow Mine  
  161  16:10  Marine  
  157  16:11  Marine x3  
  157  16:12  Marauder, Widow Mine  
  157  16:13  Marauder  
  157  16:17  Marine x2  
  169  16:18  Marine  
  169  16:20  Marine  
  169  16:21  Marine  
  169  16:25  Marine x2  
  164  16:26  Marine  
  164  16:28  Marine  
Show
View Real Time Build Order
Export as new Build Order

Bly Zerg 

Build Orders: Hatch First 

Get SALT Encoding   

  12  0:02  Drone  
  13  0:13  Drone  
  14  0:25  Overlord  
  14  0:29  Drone, Extractor  
  15  0:44  Drone  
  15  0:49  Hatchery  
  15  0:53  Drone  
  15  0:55  Drone  
  17  0:59  Drone  
  18  1:09  Extractor  
  17  1:14  Spawning Pool  
  17  1:17  Drone  
  17  1:20  Drone  
  18  1:31  Drone  
  19  1:41  Drone  
  20  1:51  Overlord  
  20  2:02  Queen x2  
  20  2:03  Zergling x4  
  26  2:11  Drone  
  26  2:14  Metabolic Boost  
  27  2:28  Hatchery  
  26  2:32  Drone x2  
  28  2:41  Drone x3  
  31  2:48  Queen  
  33  2:54  Drone  
  33  2:55  Overlord  
  34  3:08  Drone x2  
  36  3:15  Drone x5  
  41  3:21  Overlord  
  41  3:25  Overlord  
  41  3:27  Overlord  
  41  3:33  Queen  
  42  3:35  Overlord  
  42  3:41  Queen  
  42  3:42  Overlord  
  42  3:45  Drone x2  
  46  3:49  Drone x2  
  46  3:52  Drone x2  
  50  3:59  Drone x3  
  50  4:02  Drone x3  
  56  4:07  Drone  
  57  4:10  Overlord  
  57  4:17  Drone x4  
  57  4:18  Drone  
  57  4:21  Evolution Chamber x2  
  59  4:32  Drone  
  59  4:33  Drone x2  
  59  4:37  Extractor  
  59  4:38  Extractor  
  60  4:39  Drone x3, Extractor  
  60  4:41  Hatchery  
  60  4:44  Drone x3  
  64  4:50  Zerg Ground Armor Level 1  
  64  4:52  Drone x3  
  67  5:00  Drone x3  
  67  5:03  Extractor  
  67  5:04  Drone  
  67  5:05  Drone x2  
  72  5:07  Lair  
  72  5:09  Drone x3  
  72  5:14  Drone x2  
  77  5:21  Zerg Melee Weapons Level 1  
  77  5:22  Drone x3  
  77  5:26  Extractor  
  77  5:28  Baneling Nest  
  78  5:29  Hatchery  
  78  5:31  Zergling x8  
  81  5:39  Zergling x16  
  89  5:49  Zergling x2  
  90  5:51  Overlord x6  
  90  5:55  Overlord  
  90  5:59  Overlord  
  90  6:07  Overlord  
  90  6:13  Overseer  
  90  6:15  Drone x2  
  92  6:19  Zergling x20  
  92  6:20  Zergling x2, Spire  
  92  6:21  Baneling x3  
  101  6:35  Hatchery, Drone x9  
  109  6:44  Baneling x6  
  109  6:53  Zergling x22  
  119  7:12  Extractor, Drone x7  
  125  7:18  Zergling x16  
  124  7:26  Baneling x7  
  124  7:27  Centrifical Hooks  
  124  7:36  Zergling x20  
  127  7:42  Baneling x8  
  121  7:45  Zergling x2  
  121  7:46  Zergling x16  
  125  7:55  Zergling x12  
  126  8:01  Baneling x4  
  122  8:06  Zergling x16  
  122  8:10  Zergling x12  
  122  8:12  Baneling x10  
  130  8:14  Zergling x2  
  127  8:24  Zergling x14  
  122  8:30  Baneling x2  
  122  8:31  Baneling x3  
  122  8:32  Zergling x8  
  122  8:35  Zergling x12  
  122  8:36  Queen x2  
  122  8:40  Zergling x2  
  122  8:41  Zergling x2  
  132  8:44  Evolution Chamber  
  124  8:52  Zergling x8  
  124  8:53  Zergling x10  
  117  8:56  Baneling x5  
  117  8:57  Queen  
  117  8:58  Queen  
  119  9:06  Zergling x20  
  119  9:08  Zergling x2  
  119  9:09  Queen  
  118  9:12  Queen x2  
  118  9:15  Zergling x10  
  118  9:16  Zergling x2  
  122  9:21  Baneling  
  122  9:22  Zergling x6, Baneling x2  
  106  9:31  Zergling x8  
  106  9:33  Zergling x4  
  102  9:44  Zergling x16  
  104  9:46  Zergling x2  
  104  9:49  Zerg Ground Armor Level 2  
  104  9:51  Zergling x6  
  105  9:55  Queen x4  
  105  9:59  Baneling  
  105  10:00  Baneling x3  
  105  10:04  Mutalisk x5  
  113  10:13  Mutalisk x11  
  121  10:22  Zergling x2  
  121  10:23  Zergling x12  
  121  10:26  Zergling x8  
  121  10:27  Zergling x2  
  121  10:28  Zergling x4  
  128  10:34  Zergling x8  
  127  10:37  Zergling x2  
  127  10:42  Mutalisk x2  
  126  10:44  Zergling x2  
  126  10:47  Baneling x2  
  119  11:03  Mutalisk x4  
  119  11:04  Mutalisk x2  
  125  11:15  Zerg Flyer Weapons Level 1  
  125  11:16  Hatchery  
  124  11:25  Baneling x11  
  124  11:29  Evolution Chamber  
  124  11:32  Mutalisk  
  119  11:34  Zergling x14  
  126  11:49  Zergling x18  
  135  11:55  Zerg Melee Weapons Level 2  
  135  12:08  Overlord x6  
  132  12:25  Drone x9  
  132  12:43  Hatchery  
  132  12:44  Mutalisk x4  
  139  12:55  Overseer x3  
  139  12:58  Drone x2  
  139  12:59  Drone x2  
  139  13:01  Baneling x8  
  143  13:11  Pneumatized Carapace  
  141  13:21  Drone x3  
  140  13:28  Zergling x20  
  140  13:29  Overseer  
  140  13:30  Baneling x5  
  150  13:40  Zergling x8  
  154  13:48  Zergling x2  
  149  13:55  Zergling x10  
  142  13:58  Baneling x10  
  137  14:15  Zergling x10  
  140  14:19  Queen  
  146  14:25  Burrow  
  143  14:47  Extractor  
  143  14:49  Queen  
  142  14:53  Extractor  
  142  14:54  Baneling x12  
  142  14:55  Zergling x10  
  142  14:56  Zergling x20  
  145  15:03  Hatchery  
  134  15:16  Zergling x8  
  139  15:28  Zergling x14  
  135  15:36  Baneling x11  
  124  15:47  Zergling x6  
  124  15:48  Zergling x2, Baneling x4  
  124  15:49  Baneling x3  
  126  15:57  Zergling x10  
  107  16:07  Zergling x12  
  105  16:12  Baneling x3  
  105  16:17  Baneling x3  
Tags
 
Add a new tag
Caveats
  • Supply blocks, unpowered buildings, or Contaminate may cause inaccurate times.
  • Supply counts are checked every 10 seconds.